 Dungeon Crawl Stone Soup version 0.29.0-11-gd7f09526c8 (webtiles) character file.

Game seed: 16878168965284429421

2241 fingers the Protected (level 9, -2/75 HPs)
             Began as a Minotaur Abyssal Knight on Sept 2, 2022.
             Was a Priest of Lugonu.
             Slain by a killer bee (4 damage)
             ... on level 6 of the Dungeon.
             The game lasted 00:20:11 (6278 turns).

fingers the Protected (Minotaur Abyssal Knight)     Turns: 6278, Time: 00:20:12

Health: -2/75      AC: 12    Str: 21    XL:     9   Next: 14%
Magic:  11/11      EV: 13    Int:  7    God:    Lugonu [***...]
Gold:   111        SH:  0    Dex: 12    Spells: 8/8 levels left

rFire   . . .      SeeInvis .   H - +2 whip (flame)
rCold   + . .      Faith    .   o - orb {*Rage}
rNeg    . . .      Spirit   .   s - +0 chain mail
rPois   .          Reflect  .   (helmet restricted)
rElec   .          Harm     .   (no cloak)
rCorr   .          Rampage  .   w - +0 pair of gloves
Will    .....      Rage     20% (no boots)
Stlth   ..........              (no amulet)
HPRegen 0.22/turn               c - +4 ring of evasion
MPRegen 0.12/turn               e - ring of protection from cold

@: mighty, lethally poisoned (-2 -> -8), on berserk cooldown, slowed, very slow
A: horns 2, retaliatory headbutt
a: Renounce Religion, Depart the Abyss, Bend Space, Banish


You were on level 6 of the Dungeon.
You worshipped Lugonu.
Lugonu was most pleased with you.
You visited 1 branch of the dungeon, and saw 6 of its levels.
You visited the Abyss 1 time.
You also visited: Sewer.

You collected 225 gold pieces.
You spent 114 gold pieces at shops.

Inventory:

Hand Weapons
 a - a +1 mace of chaos
 E - a +1 whip of distortion
 G - a +3 dire flail of holy wrath
 H - a +2 whip of flaming (weapon)
Missiles
 A - 8 boomerangs (quivered)
Armour
 b - a +0 leather armour
 d - a +0 pair of gloves
 n - a +0 ring mail
 o - an orb of wrath (worn)
 s - a +0 chain mail (worn)
 w - a +0 pair of gloves (worn)
Jewellery
 c - a +4 ring of evasion (left hand)
 e - a ring of protection from cold (right hand)
 y - a ring of protection from cold
Wands
 C - a wand of polymorph (8)
Scrolls
 g - a scroll of noise {unknown}
 h - 2 scrolls of enchant armour {unknown}
 l - 4 scrolls of identify {unknown}
 q - a scroll of fear {unknown}
 r - 3 scrolls of amnesia {unknown}
 x - 2 scrolls of teleportation {unknown}
 D - a scroll of enchant weapon {unknown}
Potions
 f - 3 potions of ambrosia {unknown}
 i - 2 potions of invisibility {unknown}
 j - 2 potions of curing {unknown}
 p - a potion of brilliance {unknown}
 u - 3 potions of haste {unknown}
 v - 3 potions of heal wounds {unknown}
 z - a potion of cancellation {unknown}
 F - 2 potions of flight {unknown}


   Skills:
 + Level 6.2 Fighting
 + Level 6.1 Maces & Flails
 + Level 2.9 Throwing
 * Level 9.4 Armour
 + Level 4.0 Dodging
 + Level 1.1 Stealth
 + Level 1.1 Unarmed Combat
 + Level 4.7 Invocations


You had 8 spell levels left.
You didn't know any spells.
Your spell library contained the following spells:

 Spells                   Type           Power      Damage    Failure   Level
 Blade Hands              Tmut           0%         N/A       100%        5
 Irradiate                Conj/Tmut      0%         3d11      100%        5
 Conjure Ball Lightning   Conj/Air       0%         3x3d6     100%        6
 Dragon Form              Tmut           0%         N/A       100%        7
 Discord                  Hex            0%         N/A       100%        8
 Disjunction              Tloc           0%         N/A       100%        8


Dungeon Overview and Level Annotations

Branches:
Dungeon (6/15)             Temple (0/1) D:4           Sewer (visited)

Altars:
Kikubaaqudgha
Okawaru
Qazlal
Zin

Shops:
D:2 *   D:3 ?   D:4 *

Annotations:
Abyss:1 Natasha, Sigmund


Innate Abilities, Weirdness & Mutations

You have a pair of horns on your head.
You reflexively headbutt those who attack you in melee.


Message History

Press: ? - help, Q - select action, (/) - cycle Shift-Dir - straight line, f/p - orc warrior
Aim: an orc warrior, wielding a +2 vorpal dire flail and wearing a +0 plate armour (moderately wounded, will become a killer bee, a scorpion, or a centaur, chance to affect: 49%)
The orc warrior evaporates and reforms as a killer bee!
The killer bee closely misses you.
The killer bee stings you but does no damage.
You hit the killer bee. You burn the killer bee.
The killer bee is moderately wounded.
The sentinel's mark upon you fades away.
The killer bee stings you.
* * * LOW HITPOINT WARNING * * *
You are poisoned.
The killer bee poisons you! The killer bee completely misses you.
The killer bee misses you.
You hit the killer bee. You burn the killer bee.
You headbutt the killer bee, but do no damage.
The killer bee is heavily wounded.
You feel very sick. The killer bee barely misses you.
The killer bee stings you.
* * * LOW HITPOINT WARNING * * *
An orc wizard comes into view. It is wielding a +0 falchion.
There are monsters nearby!
It was a potion of might.
You feel very mighty all of a sudden.
You feel sick. The killer bee stings you.
* * * LOW HITPOINT WARNING * * *
You are lethally poisoned!
The killer bee poisons you! The killer bee misses you.
The killer bee stings you but does no damage.
It was a potion of magic.
Magic courses through your body.
* * * LOW HITPOINT WARNING * * *
You feel very sick. The killer bee barely misses you.
The killer bee stings you but does no damage. x2
A black bear comes into view.
You closely miss the killer bee.
The killer bee is heavily wounded.
* * * LOW HITPOINT WARNING * * *
You feel very sick. The killer bee closely misses you.
The killer bee stings you.
You die...

......##
#..>...##
#.......# #...<#
.##
#######....#....
........#.....#
#######...# .#
#.h####.#
#.ohy@..#
##o###### #...#
#...# #...#
#...#######
#.>.......#.#
#####..)#####...#
.......)).<.....#


You could see a black bear, a hound, a killer bee, an orc wizard and an orc.

Vanquished Creatures
  Pikel (D:5)
  Edmund (D:4)
  A black bear (D:4)
  2 ice beasts
  2 necrophages (D:5)
  A gnoll sergeant (D:4)
  A water moccasin zombie (D:5)
  A scorpion (D:4)
  A wight (D:5)
  A howler monkey (D:4)
  A bullfrog zombie (D:5)
  A centaur zombie (D:5)
  2 hounds (D:4)
  A human zombie (D:5)
  A jelly (D:5)
  A gnoll bouda (D:6)
  Ijyb (D:3)
  Terence (D:3)
  3 scorpion zombies (D:5)
  2 iguanas (D:5)
  A hound zombie (D:5)
  A mummy (D:5)
  Robin (D:2)
  16 gnolls
  7 adders
  A white imp (D:4)
  An adder zombie (D:5)
  2 worms
  2 orcs
  3 endoplasms (D:1)
  3 giant cockroaches
  17 goblins
  10 hobgoblins
  5 jackals
  9 kobolds
  2 quokkas
  6 ball pythons
  10 bats
  4 frilled lizards
  9 rats
136 creatures vanquished.

Notes
Turn   | Place    | Note
-------+----------+-------------------------------------------
     0 | Abyss:1  | fingers the Minotaur Abyssal Knight began the quest for the
                  | Orb.
     0 | Abyss:1  | Reached XP level 1. HP: 19/19 MP: 1/1
     1 | D:1      | Escaped the Abyss
   243 | D:1      | Reached XP level 2. HP: 26/27 MP: 2/2
   362 | D:1      | Found a faded altar of an unknown god.
   831 | D:1      | Reached *** piety under Lugonu
  1092 | D:2      | Reached XP level 3. HP: 33/33 MP: 3/3
  1102 | D:2      | Noticed Robin
  1110 | D:2      | Killed Robin
  1112 | D:2      | Reached skill level 3 in Armour
  1264 | D:2      | Found Feigg's Assorted Antiques.
  1285 | D:2      | Reached XP level 4. HP: 22/41 MP: 4/4
  1725 | D:2      | Reached skill level 5 in Fighting
  1880 | D:2      | Noticed Sigmund
  1907 | D:2      | Banished Sigmund
  1908 | D:2      | Reached XP level 5. HP: 38/48 MP: 0/6
  1908 | D:2      | Reached XP level 6. HP: 44/56 MP: 0/7
  2308 | D:2      | Noticed Natasha
  2309 | D:2      | Banished Natasha
  3332 | D:3      | Found a glowing silver altar of Zin.
  3394 | D:3      | Found a glowing drain.
  3439 | Sewer    | Entered a sewer
  3503 | Sewer    | Noticed a water moccasin
  3505 | Sewer    | Banished a water moccasin
  3803 | D:3      | Noticed Terence
  3814 | D:3      | Killed Terence
  3815 | D:3      | Reached skill level 4 in Armour
  3855 | D:3      | Found Reschamaps's Magic Scroll Boutique.
  3864 | D:3      | Bought a scroll of brand weapon for 114 gold pieces
  3936 | D:3      | Noticed Ijyb
  3948 | D:3      | Killed Ijyb
  4494 | D:4      | Reached XP level 7. HP: 57/61 MP: 9/9
  4507 | D:4      | Found a staircase to the Ecumenical Temple.
  4764 | D:4      | Reached skill level 5 in Armour
  4821 | D:4      | Found Rerel's Assorted Antiques.
  4870 | D:4      | Reached skill level 1 in Throwing
  4903 | D:4      | Noticed Edmund
  4917 | D:4      | Reached skill level 6 in Armour
  4917 | D:4      | Killed Edmund
  4918 | D:4      | Reached XP level 8. HP: 70/70 MP: 10/10
  4926 | D:4      | Found a stormy altar of Qazlal.
  4930 | D:4      | Found an iron altar of Okawaru.
  5066 | D:5      | Entered Level 5 of the Dungeon
  5126 | D:5      | Noticed Pikel
  5142 | D:5      | Killed Pikel
  5143 | D:5      | Reached skill level 5 in Maces & Flails
  5143 | D:5      | Reached skill level 7 in Armour
  5143 | D:5      | Reached skill level 1 in Unarmed Combat
  5527 | D:5      | Reached skill level 8 in Armour
  5879 | D:5      | Reached skill level 9 in Armour
  5881 | D:5      | Found an ancient bone altar of Kikubaaqudgha.
  5928 | D:5      | Reached skill level 1 in Stealth
  5928 | D:5      | Reached XP level 9. HP: 75/75 MP: 11/11
  6278 | D:6      | HP: 2/75 [poisoned by a killer bee]
  6278 | D:6      | Slain by a killer bee

Illustrated notes

Levels and vault maps discovered:
D:1:      dpeg_arrival_snail, layout_basic, dreamdust_ecumenical_altar_statues
D:2:      layout_loops_ring, serial_shops, nicolae_shop_hallway_plus,
          minivault_27, uniq_robin, uniq_natasha, uniq_sigmund
D:3:      layout_basic, zin_statuary, cheibrodos_sewer_entry_drain,
          serial_shops, shop, uniq_terence, uniq_ijyb
D:4:      layout_basic, nicolae_overflow_hidden_temple,
          minmay_temple_entry_water_ring, serial_shops, shop, uniq_edmund
D:5:      layout_loops_ring, lemuel_mausoleum_altar_kikubaaqudgha,
          serial_bayou_crossing, uniq_pikel
D:6:      layout_loops_cross, mainiacjoe_overflow_cross_hatched,
          nicolae_zen_rock_garden

Skill      XL: |  1  2  3  4  5  6  7  8  9 |
---------------+----------------------------+-----
Fighting       | 4 5 6 |  6.2
Invocations    | 2 3 4 |  4.7
Armour         | 3 4 6 9 |  9.4
Maces & Flails | 3 4 5 6 |  6.1
Dodging        | 2 3 4 |  4.0
Throwing       | 1 2 |  2.9
Unarmed Combat | 1 |  1.1
Stealth        | 1 |  1.1

Action                   |  1- 3 |  4- 6 |  7- 9 || total
-------------------------+-------+-------+-------++-------
Melee: Mace              |    59 |    62 |       ||   121
       Headbutt          |     6 |    10 |    35 ||    51
       Whip              |       |     6 |   155 ||   161
       Unarmed           |       |     6 |       ||     6
       Punch             |       |     1 |       ||     1
Throw: Boomerang         |       |    10 |    24 ||    34
Invok: Bend Space        |     2 |       |       ||     2
       Banish            |       |     9 |       ||     9
Evoke: Wand              |       |     1 |     1 ||     2
  Use: Scroll            |       |     1 |       ||     1
       Potion            |       |       |     2 ||     2
Armor: Leather armour    |    16 |    11 |       ||    27
       Chain mail        |       |    16 |    59 ||    75
       Skin              |       |     2 |       ||     2
Dodge: Dodged            |    83 |    85 |   118 ||   286
